 Dungeon Crawl Stone Soup version 0.22-a0-439-gac93bac (webtiles) character file.

10 Borgoz the Ruffian (level 2, -1/25 HPs)
             Began as a Ghoul Gladiator on May 29, 2018.
             Slain by a gnoll
             ... wielding a +0 spear
              (9 damage)
             ... on level 1 of the Dungeon.
             The game lasted 00:00:39 (341 turns).

Borgoz the Ruffian (Ghoul Gladiator)                 Turns: 341, Time: 00:00:40

Health: -1/25      AC:  4    Str: 17    XL:     2   Next: 20%
Magic:  1/1        EV: 12    Int:  3    God:
Gold:   48         SH:  0    Dex: 10    Spells: 1/1 levels left

rFire    . . .     SeeInvis .     - Unarmed
rCold    + + +     Gourm    .   (no shield)
rNeg     + + +     Faith    .   a - +0 leather armour
rPois    ∞         Spirit   .   b - +0 helmet
rElec    .         Reflect  .   (no cloak)
rCorr    .         Harm     .   (no gloves)
MR       .....                  (no boots)
Stlth    +.........             (no amulet)
HPRegen  0.00/turn              e - ring of protection from cold
MPRegen  0.07/turn              f - ring of protection from cold

@: rotting
A: rotting body, claws 1, carnivore, cold resistance 1, negative energy
resistance 3, inhibited regeneration, torment resistance, unbreathing
a: no special abilities


You were on level 1 of the Dungeon.
You were not hungry.

You visited 1 branch of the dungeon, and saw 1 of its levels.

You collected 48 gold pieces.

Inventory:

Missiles
 c - 3 throwing nets (quivered)
Armour
 a - a +0 leather armour (worn)
 b - a +0 helmet (worn)
Jewellery
 e - a ring of protection from cold (left claw)
 f - a ring of protection from cold (right claw)
Scrolls
 g - 5 scrolls of identify {unknown}
 h - a scroll of fog {unknown}
 i - a scroll of amnesia {unknown}
Comestibles
 d - 2 rations


   Skills:
 + Level 2.3 Fighting
 - Level 1.7 Throwing
 * Level 0.8 Armour
 * Level 2.9 Dodging
 + Level 3.4 Unarmed Combat


You had one spell level left.
You didn't know any spells.
Your spell library was empty.

Dungeon Overview and Level Annotations

Branches:
Dungeon (1/15)

Altars:


Innate Abilities, Weirdness & Mutations

Your body is rotting away.
You thrive on raw meat.
You are immune to poison.
You have sharp fingernails.
You are carnivorous and can eat meat at any time.
Your flesh is cold resistant. (rC+)
You are immune to negative energy. (rN+++)
You do not regenerate when monsters are visible.
You are immune to unholy pain and torment.
You can survive without breathing.


Message History

You kill the ooze!
You have reached level 2!
You claw the kobold!
You kill the kobold!
The gnoll hits you from afar with a spear.
The gnoll closely misses you.
You see here a kobold corpse.
You scratch the gnoll.
The gnoll is moderately wounded.
The gnoll hits you with a spear.
You scratch the gnoll. You claw the gnoll.
The gnoll is severely wounded.
The gnoll misses you.
You scratch the gnoll.
The gnoll is almost dead.
The gnoll hits you with a spear.
You scratch the gnoll but do no damage.
The gnoll is almost dead.
The gnoll hits you with a spear!
You die...

......####.....#...≈..PP≈≈≈PPP≈P≈
.# #........#.#.P≈≈≈≈P≈≈≈≈≈P≈P≈≈
.# #.......)#.'.≈..≈≈≈≈≈≈≈≈≈≈≈≈≈
.# #........#.'.....≈≈≈≈≈≈≈≈≈≈≈≈
.####........###...P..≈≈≈..≈≈≈≈≈.
.# ..........# #...###.≈.##.≈.≈.#
.####........# ##### ##.####.≈.##
.##..........############ #####
................@....#
..#............g####.# .
..#.#.#............#.#.#
..#.#...#.###.#.K#.#.#.#
..#.#####.###.......... .# ..#.#
..........#.#.###.## .....
...................
.....##.#.###.#...........
..#..........[...........#


You could see a gnoll.

Vanquished Creatures
  An ooze (D:1)
  2 bats (D:1)
  A goblin (D:1)
  A hobgoblin (D:1)
  A kobold (D:1)
  A rat (D:1)
7 creatures vanquished.

Notes
Turn   | Place    | Note
-------+----------+-------------------------------------------
     0 | D:1      | Borgoz the Ghoul Gladiator began the quest for the Orb.
     0 | D:1      | Reached XP level 1. HP: 17/17 MP: 0/0
   335 | D:1      | Reached XP level 2. HP: 19/25 MP: 1/1
   341 | D:1      | Slain by a gnoll

Vault maps used:
D:1:      lightli_arrival_windingriver

Action                   || total
-------------------------++-------
Melee: Unarmed           ||    22
       Punch             ||     2
  Eat: Chunk             ||     1
Armor: Leather armour    ||     4
Dodge: Dodged            ||    22

Table legend:
 A = Spawn XP
 B = Non-spawn XP
 C = Spawn XP percentage of total XP
 D = Spawn monster count
 E = Non-spawn monster count
 F = Spawn count percentage of total count
 G = Total turns spent on level
                    A         B        C        D         E        F      G
               +---------+---------+-------+---------+---------+-------+---------
         Total |       0 |      15 |   0.0 |       0 |       7 |   0.0 |   341
               +---------+---------+-------+---------+---------+-------+---------
           D:1 |       0 |      15 |   0.0 |       0 |       7 |   0.0 |   341
               +---------+---------+-------+---------+---------+-------+---------
